 Dungeon Crawl Stone Soup version 0.26.0-7-g794d0892b4 (webtiles) character file.

Game seed: 798379047755952204

47 fiver49 the Poker (level 3, 0/23 HPs)
             Began as a Tengu Abyssal Knight on Jan 11, 2021.
             Was a Believer of Lugonu.
             Slain by a worker ant (4 damage)
             ... on level 2 of the Dungeon.
             The game lasted 00:01:51 (1066 turns).

fiver49 the Poker (Tengu Abyssal Knight)            Turns: 1066, Time: 00:01:52

Health: 0/23       AC:  9    Str: 13    XL:     3   Next: 70%
Magic:  5/5        EV: 10    Int: 12    God:    Lugonu [**....]
Gold:   65         SH:  0    Dex: 13    Spells: 2/2 levels left

rFire    . . .     SeeInvis .   a - +1 spear
rCold    . . .     Faith    .   (no shield)
rNeg     . . .     Spirit   .   h - +0 ring mail
rPois    .         Reflect  .   (helmet restricted)
rElec    .         Harm     .   i - +0 cloak
rCorr    .         Rampage  .   d - +2 pair of gloves
Will     .....                  (boots unavailable)
Stlth    +.........             (no amulet)
HPRegen  0.07/turn              (no ring)
MPRegen  0.09/turn              (no ring)

@: no status effects
A: beak, talons 3
a: Renounce Religion, Depart the Abyss, Bend Space


You were on level 2 of the Dungeon.
You worshipped Lugonu.
Lugonu was pleased with you.
You visited 1 branch of the dungeon, and saw 2 of its levels.
You visited the Abyss 1 time.

You collected 65 gold pieces.

Inventory:

Hand Weapons
 a - a +1 spear (weapon)
Missiles
 o - 4 javelins (quivered)
Armour
 b - a +0 leather armour
 d - a +2 pair of gloves (worn)
 h - a +0 ring mail (worn)
 i - a +0 cloak (worn)
Scrolls
 c - a scroll of magic mapping {unknown}
 e - 2 scrolls of remove curse {unknown}
 f - a scroll of fog {unknown}
 g - a scroll of fear {unknown}
 k - a scroll of enchant weapon {unknown}
 r - a scroll of identify {unknown}
Potions
 j - a potion of curing {unknown}
 l - a potion of ambrosia {unknown}
 m - a potion of resistance {unknown}
 n - a potion of attraction {unknown}
 p - a potion of mutation {unknown}
 q - a potion of cancellation {unknown}


   Skills:
 - Level 3.0 Fighting
 + Level 4.3 Polearms
 - Level 2.1 Armour
 - Level 1.1 Dodging
 - Level 1.5 Invocations


You had 2 spell levels left.
You didn't know any spells.
Your spell library was empty.

Dungeon Overview and Level Annotations

Branches:
Dungeon (2/15)

Altars:
Uskayaw


Innate Abilities, Weirdness & Mutations

You have a beak for a mouth.
You have claws for feet.


Message History

You reach to attack!
You hit the goblin.
You kill the goblin!
Lugonu accepts your kill.
A worker ant comes into view.
You throw a javelin.
The javelin pierces through the ogre but does no damage.
The javelin barely misses the worker ant.
You throw a javelin. The javelin barely misses the ogre.
The javelin pierces through the worker ant.
The worker ant is lightly wounded.
You see here a +0 club.
The worker ant closely misses you. The worker ant barely misses you.
The worker ant barely misses you. The worker ant closely misses you.
The worker ant barely misses you.
The ogre hits you with a +0 giant club!!
Ouch! That really hurt!
* * * LOW HITPOINT WARNING * * *
The worker ant bites you.
You die...

................#
........#.......#
................#
#######.......########
##...............
#...#...).########
#..##.......>....#
#####.#...B.####..
#.##..#@...#######....#(
#.###..#........##..#.(.
#.# ##....<......#.....
#.# #................
#.# #............... #.#
#.............)
#####.#####...........B#
#.........##...##...#..#
#. #.........######
##...####..


You could see a worker ant.

Vanquished Creatures
  3 dart slugs (D:1)
  5 bats (D:1)
  8 goblins
  7 hobgoblins
  4 jackals (D:1)
  A frilled lizard (D:2)
  3 kobolds
  5 rats
36 creatures vanquished.

Notes
Turn   | Place    | Note
-------+----------+-------------------------------------------
     0 | Abyss:1  | fiver49 the Tengu Abyssal Knight began the quest for the
                  | Orb.
     0 | Abyss:1  | Reached XP level 1. HP: 14/14 MP: 3/3
     6 | D:1      | Escaped the Abyss
   126 | D:1      | Reached XP level 2. HP: 19/19 MP: 4/4
   130 | D:1      | Reached skill level 3 in Polearms
   428 | D:1      | Reached ** piety under Lugonu
   487 | D:1      | Reached XP level 3. HP: 23/23 MP: 5/5
   504 | D:1      | Reached skill level 4 in Polearms
   932 | D:2      | Found a hide-covered altar of Uskayaw.
  1015 | D:2      | Noticed an ogre
  1066 | D:2      | Slain by a worker ant

Illustrated notes

Levels and vault maps discovered:
D:1:      wander_arrival_lonely_grave, layout_loops_ring, minmay_tromino_v4_b
D:2:      layout_rooms, eat_drink_and_be_merry_uskayaw, lemuel_altar_in_water2

Skill      XL: |  1  2  3 |
---------------+----------+-----
Polearms       | 3 4 |  4.3
Fighting       | |  3.0
Armour         | |  2.1
Dodging        | |  1.1
Invocations    | |  1.5

Action                   || total
-------------------------++-------
Melee: Spear             ||    91
       Kick              ||    15
       Peck              ||     7
Throw: Javelin           ||     6
Armor: Leather armour    ||     9
       Ring mail         ||    19
Dodge: Dodged            ||    46
